 Dungeon Crawl Stone Soup version 0.23.2-33-g5129a83 (webtiles) character file.

Game seed: 17210764895484252282

12583 Fortress the Carver (level 11, -3/102 HPs)
             Began as a Deep Dwarf Berserker on July 1, 2019.
             Was a High Priest of Trog.
             Slain by an orc warrior
             ... wielding a +0 trident
              (19 damage)
             ... on level 2 of the Orcish Mines.
             The game lasted 00:57:22 (8063 turns).

Fortress the Carver (Deep Dwarf Berserker)          Turns: 8063, Time: 00:57:22

Health: -3/102     AC: 18    Str: 24    XL:     11   Next: 64%
Magic:  8/8        EV: 10    Int:  8    God:    Trog [*****.]
Gold:   512        SH:  0    Dex: 12    Spells: 10/10 levels left

rFire    . . .     SeeInvis .   y - +8 demon blade "Bloodbane" {slice, *Rage +Rage Stlth-}
rCold    . . .     Gourm    .   (no shield)
rNeg     . . .     Faith    .   r - +0 plate armour
rPois    +         Spirit   .   N - +1 hat
rElec    .         Reflect  .   B - +0 cloak
rCorr    .         Harm     .   T - +2 pair of gloves
MR       +....     Rnd*Rage +   (no boots)
Stlth    ..........             (no amulet)
HPRegen  0.00/turn              h - +2 ring of evasion
MPRegen  0.11/turn              H - ring of poison resistance

@: berserk cooldown, non-regenerating, slowed, studying Invocations, very slow
A: damage resistance, heal wounds, sense surroundings 2, no regeneration
a: Heal Wounds, Berserk, Trog's Hand, Brothers in Arms, Renounce Religion, Evoke
Berserk Rage


You were on level 2 of the Orcish Mines.
You worshipped Trog.
Trog was extremely pleased with you.
You were very hungry.

You visited 3 branches of the dungeon, and saw 12 of its levels.
You also visited: Sewer.

You collected 899 gold pieces.
You spent 387 gold pieces at shops.

Inventory:

Hand Weapons
 e - a +2 whip of electrocution
 i - a +1 hunting sling of freezing
 u - a +1 blowgun
 y - the +8 demon blade "Bloodbane" (weapon) {slice, *Rage +Rage Stlth-}
   (You found it on level 4 of the Dungeon)

   It inflicts extra damage upon your enemies.
   It lets you go berserk.
   It may make you go berserk in combat.
   It makes you less stealthy.
 C - the +0 mace of Zioculal {venom, MR+}
   (You found it on level 9 of the Dungeon)

   It poisons the flesh of those it strikes.
   It affects your resistance to hostile enchantments.
Missiles
 a - 4 curare-tipped needles
 q - 77 poisoned needles
 v - 34 sling bullets
 z - 124 stones (quivered)
Armour
 r - a +0 plate armour (worn)
 B - a +0 cloak (worn)
 N - a +1 hat (worn)
 T - a +2 pair of gloves (worn)
Jewellery
 h - a +2 ring of evasion (left hand)
 k - a +2 ring of dexterity {unknown}
 H - a ring of poison resistance (right hand)
 I - an uncursed amulet of guardian spirit {unknown}
Wands
 A - a wand of digging (5)
 M - a wand of enslavement (21)
 S - a wand of scattershot (3)
Scrolls
 g - 2 scrolls of blinking
 m - 4 scrolls of fear
 n - 4 scrolls of remove curse
 s - a scroll of fog {unknown}
 w - 2 scrolls of magic mapping
 x - 2 scrolls of identify
 D - 4 scrolls of teleportation
 J - a scroll of immolation
Potions
 b - a potion of berserk rage {unknown}
 d - 2 potions of lignification
 f - 3 potions of cancellation
 j - 2 potions of heal wounds
 l - 2 potions of brilliance
 o - 6 potions of might
 p - a potion of agility {unknown}
 t - 2 potions of flight
 E - 2 potions of haste {unknown}
 F - a potion of degeneration {unknown}
 G - 3 potions of curing
Books
 K - a manual of Invocations
Comestibles
 c - 6 rations


   Skills:
 + Level 7.7 Fighting
 * Level 13.8 Long Blades
   Level 3.3(6.2) Axes
 - Level 7.3(7.7) Maces & Flails
 - Level 6.0 Armour
 - Level 3.0 Dodging


You had 10 spell levels left.
You didn't know any spells.
Your spell library was empty.

Dungeon Overview and Level Annotations

Branches:
Dungeon (9/15)             Temple (1/1) D:6             Orc (2/2) D:9
   Lair: D:8-11         Elf: Orc:2

Altars:
Ashenzari
Cheibriados
Dithmenos
Elyvilon
Fedhas
Gozag
Hepliaklqana
Kikubaaqudgha
Makhleb
Nemelex Xobeh
Okawaru
Qazlal
Ru
Sif Muna
Trog
Uskayaw
Vehumet
Wu Jian
Xom
Yredelemnul
Zin
The Shining One
Beogh

Shops:
D:7 (   D:9 [[%?:


Innate Abilities, Weirdness & Mutations

You are resistant to damage.
You can heal yourself by infusing magical energy.
You passively map the area around you.
You do not regenerate.


Message History

The orc warrior closely misses you.
The orc knight hits you with a +0 great sword!
You hit the orc knight but do no damage.
The orc knight is almost dead.
The orc warrior hits you from afar with a +0 trident!
You slash the orc knight!
You kill the orc knight!
Trog accepts your kill.
The orc warrior hits you from afar with a +0 trident.
You hit the orc warrior but do no damage.
The orc warrior is moderately wounded.
The orc warrior barely misses you.
You riposte.
You slash the orc warrior!
The orc warrior is heavily wounded.
The orc warrior misses you.
You slash the orc warrior!
The orc warrior is almost dead.
The orc warrior hits you with a +0 dire flail!!
* * * LOW HITPOINT WARNING * * *
The orc warrior hits you from afar with a +0 trident!!
You die...

......#........)..........
,
.......#.......)..).......
, ,
.......#.......#######.###,
* ..#............#∩ ...# #
...............#, ...#, * *
, ...............# ,...# ,
, ...............#, ... * ,
* ...............###o###.#
...............)@oo....# ,*
...............###)##..# ,
...............#, ..# , ,
#..............# ..# ,*
.......)#.#....# ..#,,
.....)##.......#* ### , **
......#......... , , ,
................ , ,
.............## * * *


You could see 2 orc warriors and an orc.

Vanquished Creatures
  An ogre mage (Orc:1)
  An unseen horror (D:8)
  Pikel (D:4)
  6 orc knights
  2 orc sorcerers (Orc:2)
  A troll (Orc:1)
  Grinder (D:4)
  Sigmund (D:2)
  A hungry ghost (D:8)
  5 wargs (Orc:2)
  2 water moccasins
  Duvessa (D:5)
  A phantom (D:8)
  A sky beast (D:8)
  10 orc warriors
  4 ice beasts
  A necrophage (D:8)
  8 ogres
  5 centaurs
  A crocodile (D:8)
  Blork the orc (D:4)
  5 bullfrogs
  Dowan (D:5)
  9 killer bees
  6 wights (D:8)
  A howler monkey (D:4)
  2 jellies (D:2)
  5 crimson imps
  A bullfrog zombie (D:5)
  A centaur zombie (D:5)
  A quasit (D:8)
  6 hounds
  A centaur skeleton (D:4)
  9 orc priests
  11 orc wizards
  2 bullfrog skeletons
  4 iguanas
  Natasha (thrice) (D:2)
  8 worker ants
  A hound zombie (D:8)
  A worker ant zombie (D:5)
  14 adders
  A howler monkey skeleton (D:3)
  7 river rats (Sewer)
  2 shadow imps (D:8)
  8 oozes (D:2)
  An adder skeleton (D:8)
  6 worms
  5 dart slugs
  6 leopard geckos
  33 orcs
  15 bats
  8 giant cockroaches
  5 goblins
  5 hobgoblins
  3 jackals (D:6)
  12 kobolds
  2 quokkas (D:3)
  2 ball pythons
  14 frilled lizards
  A leopard gecko skeleton (D:8)
  A leopard gecko zombie (D:5)
  18 rats
302 creatures vanquished.

Vanquished Creatures (collateral kills)
  An orc wizard (D:9)
1 creature vanquished.

Vanquished Creatures (others)
  7 toadstools (D:2)
7 creatures vanquished.

Grand Total: 310 creatures vanquished

Notes
Turn   | Place    | Note
-------+----------+-------------------------------------------
     0 | D:1      | Fortress the Deep Dwarf Berserker began the quest for the
                  | Orb.
     0 | D:1      | Reached XP level 1. HP: 20/20 MP: 1/1
    85 | D:1      | Reached XP level 2. HP: 25/27 MP: 2/2
   540 | D:2      | Reached XP level 3. HP: 26/34 MP: 3/3
   556 | D:2      | Found a radiant altar of Vehumet.
   625 | D:2      | Reached ** piety under Trog
   662 | D:2      | Noticed Natasha
   664 | D:2      | Killed Natasha
   664 | D:2      | Reached skill level 1 in Maces & Flails
   814 | D:2      | Reached XP level 4. HP: 36/42 MP: 3/3
   977 | D:2      | Reached XP level 5. HP: 48/50 MP: 4/4
  1112 | D:2      | Noticed Natasha
  1121 | D:2      | Killed Natasha
  1165 | D:2      | Noticed Sigmund
  1176 | D:2      | Killed Sigmund
  1176 | D:2      | Reached XP level 6. HP: 57/57 MP: 5/5
  1187 | D:2      | Found an opulent altar of Gozag.
  1295 | D:2      | Noticed Natasha
  1302 | D:2      | Killed Natasha
  1480 | D:3      | Reached *** piety under Trog
  1875 | D:3      | Found a snail-covered altar of Cheibriados.
  2212 | D:4      | Noticed Grinder
  2215 | D:4      | Noticed Blork the orc
  2224 | D:4      | Paralysed by Grinder for 3 turns
  2233 | D:4      | Reached XP level 7. HP: 62/66 MP: 6/6
  2236 | D:4      | Killed Blork the orc
  2236 | D:4      | Reached skill level 5 in Maces & Flails
  2240 | D:4      | Killed Grinder
  2588 | D:4      | Noticed Pikel
  2614 | D:4      | Killed Pikel
  2614 | D:4      | Reached skill level 5 in Fighting
  2614 | D:4      | Reached skill level 5 in Armour
  2614 | D:4      | Reached XP level 8. HP: 36/74 MP: 7/7
  2662 | D:4      | Found the +8 demon blade "Bloodbane" {slice, *Rage +Rage
                  | Stlth-}
  2998 | D:5      | Entered Level 5 of the Dungeon
  3012 | D:5      | Reached skill level 1 in Long Blades
  3161 | D:5      | Noticed Dowan
  3164 | D:5      | Reached **** piety under Trog
  3164 | D:5      | Reached skill level 2 in Long Blades
  3164 | D:5      | Noticed Duvessa
  3175 | D:5      | Killed Duvessa
  3175 | D:5      | Reached skill level 3 in Long Blades
  3176 | D:5      | Killed Dowan
  3197 | D:5      | Found a stormy altar of Qazlal.
  3314 | D:5      | Reached skill level 4 in Long Blades
  3496 | D:6      | Gained mutation: You passively map the area around you.
                  | [Deep Dwarf growth]
  3496 | D:6      | Reached XP level 9. HP: 79/81 MP: 8/8
  3532 | D:6      | Found a staircase to the Ecumenical Temple.
  3544 | D:6      | Reached skill level 5 in Long Blades
  3644 | D:6      | Found a glowing drain.
  3655 | Sewer    | Entered a sewer
  4122 | D:6      | Reached skill level 6 in Long Blades
  4125 | D:6      | Reached ***** piety under Trog
  4508 | Temple   | Entered the Ecumenical Temple
  4811 | D:7      | Reached skill level 7 in Long Blades
  5016 | D:7      | Found Ceiradag's Antique Weapon Shoppe.
  5193 | D:8      | Reached skill level 8 in Long Blades
  5361 | D:8      | Found a bloodstained altar of Trog.
  5361 | D:8      | Found an ornate altar of the Wu Jian Council.
  5362 | D:8      | Found a basalt altar of Yredelemnul.
  5475 | D:8      | Reached skill level 9 in Long Blades
  5492 | D:8      | Killed an unseen horror
  5492 | D:8      | Reached XP level 10. HP: 49/91 MP: 9/9
  5516 | D:8      | Received a gift from Trog
  5639 | D:8      | Reached skill level 10 in Long Blades
  5896 | D:8      | Found a sacrificial altar of Ru.
  6298 | D:9      | Found Paniw's Magic Scroll Shop.
  6353 | D:9      | Bought a scroll of blinking for 97 gold pieces
  6353 | D:9      | Bought a scroll of identify for 26 gold pieces
  6353 | D:9      | Bought a scroll of teleportation for 39 gold pieces
  6384 | D:9      | Found a staircase to the Orcish Mines.
  6409 | D:9      | Found a roughly hewn altar of Beogh.
  6513 | D:9      | Found Nealidi's Food Shop.
  6622 | D:9      | Reached skill level 11 in Long Blades
  6654 | D:9      | Found Oleodairr's Antique Armour Boutique.
  6660 | D:9      | Bought a runed cloak for 225 gold pieces
  6763 | D:9      | Got a crystal mace
  6764 | D:9      | Identified the cursed +0 mace of Zioculal {venom, MR+} (You
                  | found it on level 9 of the Dungeon)
  6829 | D:9      | Found Japyfaf's Book Shoppe.
  7012 | D:9      | Found Yxtoewir's Antique Armour Shop.
  7255 | Orc:1    | Entered Level 1 of the Orcish Mines
  7256 | Orc:1    | Noticed an orc knight
  7288 | Orc:1    | Killed an orc knight
  7488 | Orc:1    | Noticed an ogre mage
  7495 | Orc:1    | Killed an ogre mage
  7495 | Orc:1    | Reached skill level 12 in Long Blades
  7495 | Orc:1    | Reached XP level 11. HP: 42/100 MP: 8/8
  7796 | Orc:2    | Entered Level 2 of the Orcish Mines
  7796 | Orc:2    | Noticed an orc sorcerer
  7808 | Orc:2    | Killed an orc sorcerer
  7868 | Orc:2    | Noticed an orc knight
  7877 | Orc:2    | Killed an orc knight
  7893 | Orc:2    | Noticed an orc sorcerer
  7900 | Orc:2    | Killed an orc sorcerer
  7900 | Orc:2    | Reached skill level 13 in Long Blades
  7996 | Orc:2    | Noticed an orc knight
  7999 | Orc:2    | Noticed an orc knight
  7999 | Orc:2    | Noticed an orc knight
  8012 | Orc:2    | Killed an orc knight
  8020 | Orc:2    | Killed an orc knight
  8025 | Orc:2    | Killed an orc knight
  8036 | Orc:2    | Noticed an orc knight
  8061 | Orc:2    | Killed an orc knight
  8063 | Orc:2    | Slain by an orc warrior

Skill      XL: |  1  2  3  4  5  6  7  8  9 10 11 |
---------------+----------------------------------+-----
Fighting       | 3 4 5 6 7 |  7.7
Maces & Flails | 1 2 4 7 |  7.3
Dodging        | 3 |  3.0
Armour         | 3 4 5 6 |  6.0
Long Blades    | 4 9 12 13 | 13.8
Axes           | |  3.3

Action                   |  1- 3 |  4- 6 |  7- 9 | 10-12 || total
-------------------------+-------+-------+-------+-------++-------
Melee: Whip              |    72 |   187 |    38 |       ||   297
       Hand axe          |     2 |       |       |       ||     2
       Demon blade       |       |       |   219 |   306 ||   525
       Mace              |       |       |       |    26 ||    26
Invok: Berserk           |       |     2 |       |       ||     2
       Trog's Hand       |       |       |     3 |     6 ||     9
 Abil: Heal Wounds       |     1 |     1 |     2 |    15 ||    19
Evoke: Wand              |       |       |       |     1 ||     1
  Use: Scroll            |       |       |     5 |    13 ||    18
       Potion            |       |       |       |     1 ||     1
  Eat: Chunk             |       |     4 |     9 |     2 ||    15
       Ration            |       |       |     3 |     2 ||     5
Armor: Animal skin       |     9 |       |       |       ||     9
       Ring mail         |    14 |     8 |       |       ||    22
       Plate armour      |       |    94 |   158 |   144 ||   396
Dodge: Dodged            |    38 |    89 |   145 |   146 ||   418
       Rpst.: Demon blade |       |       |    42 |    41 ||    83
